 Dungeon Crawl Stone Soup version 0.28.0-49-g6dfe1f597d (webtiles) character file.

Game seed: 16942231080288896220

7 Zeld the Chiller (level 2, 0/22 HPs)
             Began as a Ghoul Ice Elementalist on May 12, 2022.
             Slain by a bat (1 damage)
             ... on level 1 of the Dungeon.
             The game lasted 00:00:38 (187 turns).

Zeld the Chiller (Ghoul Ice Elementalist)            Turns: 187, Time: 00:00:38

Health: 0/22       AC:  2    Str: 11    XL:     2   Next: 0%
Magic:  0/4        EV: 12    Int: 10    God:
Gold:   0          SH:  0    Dex:  9    Spells: 4/5 levels left

rFire   . . .      SeeInvis .   (no weapon)
rCold   + . .      Faith    .   (no shield)
rNeg    + + +      Spirit   .   a - +0 robe
rPois   ∞          Reflect  .   (no helmet)
rElec   .          Harm     .   (no cloak)
rCorr   .          Rampage  .   (no gloves)
Will    .....                   (no boots)
Stlth   ++........              (no amulet)
HPRegen 0.00/turn               (no ring)
MPRegen 0.09/turn               (no ring)

@: inhibited regen
A: claws 1, cold resistance 1, negative energy resistance 3, inhibited
regeneration, torment resistance 2
a: no special abilities


You were on level 1 of the Dungeon.
You visited 1 branch of the dungeon, and saw 1 of its levels.

Inventory:

Armour
 a - a +0 robe (worn)
Potions
 b - a potion of curing {unknown}


   Skills:
 + Level 0.3 Fighting
 + Level 1.8 Dodging
 - Level 2.1 Stealth
 * Level 2.0 Spellcasting
 * Level 4.5 Ice Magic


You had 4 spell levels left.
You knew the following spells:

 Your Spells              Type           Power      Damage    Failure   Level
a - Freeze                Ice            40%        1d6       4%          1

Your spell library contained the following spells:

 Spells                   Type           Power      Damage    Failure   Level
 Frozen Ramparts          Ice            20%        1d4       14%         3
 Ozocubu's Armour         Ice            10%        N/A       14%         3
 Hailstorm                Conj/Ice       5%         3d4       77%         4


Dungeon Overview and Level Annotations

Branches:
Dungeon (1/15)

Altars:


Innate Abilities, Weirdness & Mutations

You thrive by killing the living.
You are immune to poison.
You have sharp fingernails.
Your flesh is cold resistant. (rC+)
You are immune to negative energy. (rN+++)
You do not regenerate when monsters are visible.
You are immune to unholy pain and torment.


Message History

You kill the giant cockroach!
The bat hits you.
* * * LOW HITPOINT WARNING * * *
The bat barely misses you.
Your Spellcasting skill increases to level 2!
You have reached level 2!
The bat barely misses you. The bat hits you.
* * * LOW HITPOINT WARNING * * *
A quokka comes into view.
The bat closely misses you.
A ball python comes into view.
The ball python hisses angrily.
The bat hits you but does no damage. The bat barely misses you.
The bat hits you.
* * * LOW HITPOINT WARNING * * *
The bat hits you.
* * * LOW HITPOINT WARNING * * *
You see here a quokka corpse.
The bat hits you but does no damage. The bat barely misses you.
Casting: Freeze (safe; 4% risk of failure)
Confirm with . or Enter, or press ? or * to list all spells.
Aiming: Freeze (safe; 4% risk of failure)
Press: ? - help, Shift-Dir - straight line, f - bat
Aim: a bat You freeze the bat.
The bat is moderately wounded.
The bat hits you but does no damage. The bat hits you.
* * * LOW HITPOINT WARNING * * *
The bat barely misses you.
There is an open door here.
The bat hits you but does no damage. The bat hits you but does no damage.
There is an open door here.
The bat misses you.
There's a creature in the doorway!
The bat hits you but does no damage. The bat hits you.
You die...

##...## #.....# #..<..#
# #.....# #...#...
..#####...## #.#.#..#
......+###'####...... #
#.................##.#
#.......######..#....
#####..b@.....#....#
##...#S..#####.....#
#.....#..######....#
#.....#.⌠##.....##.####
#.....#####.######...(#
.... ##...#'##...#
#...##.#### ..rS
#####g##.###
#.#........ .....
######..#..##
#.#........ .....
#....S†.#...#
#.#........


You could see a bat and a ball python.

Vanquished Creatures
  A ball python (D:1)
  A giant cockroach (D:1)
  A goblin (D:1)
  A quokka (D:1)
  2 frilled lizards (D:1)
6 creatures vanquished.

Notes
Turn   | Place    | Note
-------+----------+-------------------------------------------
     0 | D:1      | Zeld the Ghoul Ice Elementalist began the quest for the
                  | Orb.
     0 | D:1      | Reached XP level 1. HP: 14/14 MP: 2/2
   169 | D:1      | Reached XP level 2. HP: 5/22 MP: 0/4
   179 | D:1      | HP: 1/22 [bat (1)]
   187 | D:1      | Slain by a bat

Illustrated notes

Levels and vault maps discovered:
D:1:      noname_arrival_rooms_in_the_neighbourhood, layout_rooms,
          hellmonk_ecumenical_altar_crossroads, chequers_serial_rivers_marsh,
          wad_floor_pattern_1

Skill      XL: |  1 |
---------------+----+-----
Spellcasting   | 2 |  2.0
Fighting       | |  0.3
Dodging        | |  1.8
Stealth        | |  2.1
Ice Magic      | |  4.5

Action                   || total
-------------------------++-------
Melee: Unarmed           ||    22
 Cast: Freeze            ||     8
Armor: Robe              ||    13
Dodge: Dodged            ||    40
